 Dungeon Crawl Stone Soup version 0.24-a0-91-g4e4936a (webtiles) character file.

Game seed: 1842549897764604340

97 Borgoz the Chopper (level 4, -3/28 HPs)
             Began as a Gargoyle Gladiator on Feb 9, 2019.
             Killed by divine providence
             ... invoked by an orc priest
              (10 damage)
             ... on level 3 of the Dungeon.
             The game lasted 00:02:52 (2457 turns).

Borgoz the Chopper (Gargoyle Gladiator)             Turns: 2457, Time: 00:02:54

Health: -3/28      AC:  7    Str: 18    XL:     4   Next: 68%
Magic:  4/4        EV: 12    Int:  8    God:
Gold:   123        SH:  0    Dex: 12    Spells: 3/3 levels left

rFire    . . .     SeeInvis .   a - +0 war axe
rCold    . . .     Gourm    .   (no shield)
rNeg     + . .     Faith    .   b - +0 leather armour
rPois    ∞         Spirit   .   c - +0 helmet
rElec    +         Reflect  .   (no cloak)
rCorr    .         Harm     .   (no gloves)
MR       .....                  (no boots)
Stlth    +.........             (no amulet)
HPRegen  0.09/turn              (no ring)
MPRegen  0.09/turn              (no ring)

@: hasted, very quick
A: negative energy resistance 1, electricity resistance, unbreathing,
petrification resistance, rot immunity, AC +3
a: no special abilities


You were on level 3 of the Dungeon.
You were hungry.

You visited 1 branch of the dungeon, and saw 3 of its levels.

You collected 123 gold pieces.

Inventory:

Hand Weapons
 a - a +0 war axe (weapon)
Missiles
 d - 3 throwing nets (quivered)
Armour
 b - a +0 leather armour (worn)
 c - a +0 helmet (worn)
Scrolls
 h - a scroll of teleportation {unknown}
 l - a scroll of fog {unknown}
 n - a scroll of noise {unknown}
 p - 2 scrolls of identify {unknown}
Potions
 e - a potion of degeneration {unknown}
 g - a potion of might {unknown}
 i - 2 potions of lignification {unknown}
 k - a potion of curing {unknown}
 o - a potion of mutation {unknown}
Comestibles
 f - 6 rations


   Skills:
 + Level 3.0 Fighting
 * Level 3.6 Axes
 - Level 1.7 Throwing
 + Level 1.9 Armour
 + Level 2.9 Dodging


You had 3 spell levels left.
You didn't know any spells.
Your spell library was empty.

Dungeon Overview and Level Annotations

Branches:
Dungeon (3/15)

Altars:
Ashenzari
Fedhas


Innate Abilities, Weirdness & Mutations

You are resistant to torment.
Your stone body is resilient. (AC +3)
You are immune to poison.
You resist negative energy. (rN+)
You are resistant to electric shocks. (rElec)
You can survive without breathing.
You are immune to petrification.
You are immune to rotting.


Message History

An orc priest comes into view. It is wielding a +0 flail.
There are monsters nearby!
The orc misses you.
An adder comes into view.
You hit the orc but do no damage. You barely miss the orc.
The orc barely misses you. The orc hits you with a +0 morningstar.
The orc hits you.
You hit the orc.
The orc is lightly wounded.
You slash the orc!
You kill the orc!
The orc priest mumbles some strange prayers to Beogh against you.
Beogh smites you! The orc hits you.
* * * LOW HITPOINT WARNING * * *
You feel yourself speed up. The orc closely misses you.
The orc hits you with a +0 club.
* * * LOW HITPOINT WARNING * * *
The orc priest invokes the aid of Beogh against you.
Beogh smites you!
You die...

#. . ... ..... ... ..
... # .#.# .. ... #.
._.#.# ... ##.. .#..#
#.# #....#.oS# #.# ##
#.....oo)# #.#######.
#.#######.##...##.
#@##...#.(........
#................#
......................#
#######...............#
#................
##.............#.
##...#..........
######.........
#.........


You could see an orc priest, an adder and 2 orcs.

Vanquished Creatures
  4 adders
  3 dart slugs
  An orc (D:3)
  5 bats
  3 giant cockroaches
  6 goblins
  8 hobgoblins
  7 jackals
  A quokka (D:3)
  A frilled lizard (D:3)
  3 kobolds
  8 rats
50 creatures vanquished.

Notes
Turn   | Place    | Note
-------+----------+-------------------------------------------
     0 | D:1      | Borgoz the Gargoyle Gladiator began the quest for the Orb.
     0 | D:1      | Reached XP level 1. HP: 12/12 MP: 1/1
   202 | D:1      | Reached XP level 2. HP: 18/18 MP: 2/2
   728 | D:1      | Reached skill level 1 in Armour
  1056 | D:2      | Reached XP level 3. HP: 22/22 MP: 3/3
  1401 | D:2      | Found a blossoming altar of Fedhas.
  1697 | D:2      | Reached XP level 4. HP: 26/27 MP: 4/4
  1752 | D:2      | Found a shattered altar of Ashenzari.
  2054 | D:3      | HP: 1/27 [adder (3)]
  2451 | D:3      | Found a faded altar of an unknown god.
  2457 | D:3      | Killed from afar by an orc priest

Levels and vault maps discovered:
D:1:      dpeg_arrival_central, layout_basic
D:2:      layout_loops_ring, nicolae_ashenzari_panopticon, lemuel_crystal_altar,
          minmay_pentomino_s4
D:3:      layout_rooms, overflow_temple_1_default, first_ration,
          chequers_ecumenical_altar_simple_redux, uniq_crazy_yiuf_cottage

Skill      XL: |  1  2  3  4 |
---------------+-------------+-----
Axes           | 3 |  3.6
Armour         | 1 |  1.9
Fighting       | 3 |  3.0
Throwing       | |  1.7
Dodging        | |  2.9

Action                   |  1- 3 |  4- 6 || total
-------------------------+-------+-------++-------
Melee: War axe           |    95 |    43 ||   138
  Use: Potion            |       |     2 ||     2
  Eat: Chunk             |     2 |     2 ||     4
Armor: Leather armour    |    48 |    24 ||    72
Dodge: Dodged            |    79 |    42 ||   121

Table legend:
 A = Non-vault XP
 B = Vault XP
 C = Vault XP percentage of total XP
 D = Non-vault monster count
 E = Vault monster count
 F = Vault count percentage of total count
                 A         B        C        D         E       F
            +---------+---------+-------+---------+---------+-------
      Total |     133 |       6 |   4.3 |      48 |       2 |   4.0
            +---------+---------+-------+---------+---------+-------
        D:1 |      33 |       0 |   0.0 |      17 |       0 |   0.0
        D:2 |      61 |       6 |   9.0 |      22 |       2 |   8.3
        D:3 |      39 |       0 |   0.0 |       9 |       0 |   0.0
            +---------+---------+-------+---------+---------+-------
